 Dungeon Crawl Stone Soup version 0.23-a0-391-g8c51ad5 (webtiles) character file.

2039 Garbasso the Ruffian (level 9, -1/87 HPs)
             Began as a Troll Transmuter on Oct 30, 2018.
             Was a Believer of Okawaru.
             Slain by a killer bee (7 damage)
             ... on level 7 of the Dungeon.
             The game lasted 00:13:37 (5497 turns).

Garbasso the Ruffian (Troll Transmuter)             Turns: 5497, Time: 00:13:38

Health: -1/87      AC:  6    Str: 26    XL:     9   Next: 4%
Magic:  14/18      EV: 10    Int: 11    God:    Okawaru [**....]
Gold:   228        SH:  0    Dex: 11    Spells: 4/10 levels left

rFire    . . .     SeeInvis .     - Unarmed
rCold    . . .     Gourm    +   (no shield)
rNeg     . . .     Faith    .   b - +0 robe
rPois    .         Spirit   .   (helmet restricted)
rElec    .         Reflect  .   D - +0 cloak
rCorr    .         Harm     .   (gloves unavailable)
MR       .....                  (boots unavailable)
Stlth    +.........             (no amulet)
HPRegen  0.64/turn              j - ring of magical power
MPRegen  0.16/turn              y - +6 ring of strength

@: lethally poisoned (-1 -> -2), appendage (expiring)
A: large, unfitting armour, claws 3, horns 2, fast metabolism 3, gourmand,
regeneration 1, shaggy fur 1, tough skin 2
a: End Transformation, Heroism, Renounce Religion


You were on level 7 of the Dungeon.
You worshipped Okawaru.
Okawaru was pleased with you.
You were completely stuffed.
You had grown temporary horns.
You visited 1 branch of the dungeon, and saw 7 of its levels.

You collected 228 gold pieces.

Inventory:

Missiles
 a - 118 arrows
 e - 158 stones (quivered)
Armour
 b - a +0 robe (worn)
 D - a +0 cloak (worn)
Jewellery
 j - a ring of magical power (left claw)
 y - a +6 ring of strength (right claw)
Wands
 o - a wand of polymorph (8)
 u - a wand of iceblast (7)
 A - a wand of flame (25)
Scrolls
 f - 3 scrolls of teleportation
 h - 2 scrolls of remove curse
 q - a scroll of magic mapping {unknown}
 r - a scroll of random uselessness {unknown}
 t - 4 scrolls of identify
 v - a scroll of enchant weapon {unknown}
 x - a scroll of amnesia {unknown}
 B - a scroll of noise {unknown}
 C - a scroll of blinking {unknown}
 F - a scroll of brand weapon {unknown}
Potions
 c - a potion of lignification
 g - a potion of haste
 i - 2 potions of heal wounds
 k - a potion of brilliance
 l - a potion of mutation {unknown}
 m - a potion of cancellation
 n - a potion of curing
 p - a potion of might
 s - a potion of invisibility {unknown}
 w - 2 potions of magic {unknown}
 E - a potion of flight {unknown}
Comestibles
 d - 14 rations
 z - 4 chunks of flesh


   Skills:
 + Level 4.8 Fighting
 - Level 1.5 Dodging
 + Level 6.6 Unarmed Combat
 - Level 1.2 Spellcasting
 * Level 6.5 Transmutations


You had 4 spell levels left.
You knew the following spells:

 Your Spells              Type           Power        Failure   Level  Hunger
a - Beastly Appendage     Tmut           ###...       2%          1    ##.....
b - Sticks to Snakes      Tmut           ###.....     3%          2    ###....
c - Spider Form           Tmut/Pois      #.........   24%         3    ####...

Your spell library contained the following spells:

 Spells                   Type           Power        Failure   Level  Hunger
 Ice Form                 Ice/Tmut       #.......     63%         4    #####..
 Blade Hands              Tmut           ###.......   52%         5    ######.


Dungeon Overview and Level Annotations

Branches:
Dungeon (7/15)             Temple (0/1) D:6

Altars:
Dithmenos
Okawaru
Sif Muna


Innate Abilities, Weirdness & Mutations

You are too large for most types of armour.
You have claws for hands.
Your metabolism is lightning-fast.
You like to eat raw meat.
Your natural rate of healing is unusually fast.
You are covered in fur. (AC +1)
You have very tough skin. (AC +2)
You have a pair of horns on your head.


Message History

* * * LOW HITPOINT WARNING * * *
You feel better. The killer bee barely misses you. x2
The killer bee stings you.
* * * LOW HITPOINT WARNING * * *
You are poisoned.
The killer bee poisons you! The killer bee misses you.
The killer bee barely misses you.
You feel sick. The killer bee barely misses you. x2
You feel sick.
Your transformation is almost over.
You feel sick. The killer bee stings you.
* * * LOW HITPOINT WARNING * * *
The killer bee closely misses you.
There is a stone staircase leading up here.
The killer bee stings you!
* * * LOW HITPOINT WARNING * * *
The killer bee stings you.
* * * LOW HITPOINT WARNING * * *
The killer bee stings you!
You die...

#a####.# ...##...a#.#
...#####O#.# ## ####...## #...#
. ..##.......# #a.##
.##..........####O.#
...##.......##y...###### .
#..........##y#...#...#
#.##..###รท##..#.@y.......#
#.........#...........####
#.....................#######
......#...............#.....##
...###..#...................<##
...###.##.....................#
...........##..........)......#
#.#.......###.................#
#.####......##................#


You could see an ogre, a worker ant and 3 killer bees.

Vanquished Creatures
  Sigmund (D:2)
  An orc warrior (D:6)
  A sky beast (D:7)
  An ogre (D:7)
  2 phantoms
  3 ice beasts
  2 bullfrogs
  2 scorpions (D:6)
  2 killer bees (D:7)
  3 crimson imps
  2 centaur skeletons
  A jelly (D:6)
  4 hounds
  2 orc wizards (D:6)
  4 orc priests
  6 worker ants
  Robin (D:2)
  A howler monkey zombie (D:5)
  7 adders
  A worm (D:5)
  7 leopard geckos
  20 orcs
  7 bats
  7 giant cockroaches
  11 goblins
  10 hobgoblins
  2 quokkas
  3 ball pythons
  3 frilled lizards
  7 kobolds
  A quokka skeleton (D:5)
  A quokka zombie (D:5)
  6 rats
132 creatures vanquished.

Vanquished Creatures (collateral kills)
  A centaur skeleton (D:4)
  A worker ant (D:4)
  A worm (D:3)
  A quokka zombie (D:6)
4 creatures vanquished.

Grand Total: 136 creatures vanquished

Notes
Turn   | Place    | Note
-------+----------+-------------------------------------------
     0 | D:1      | Garbasso the Troll Transmuter began the quest for the Orb.
     0 | D:1      | Reached XP level 1. HP: 18/18 MP: 1/1
   170 | D:1      | Reached skill level 1 in Fighting
   233 | D:1      | Reached XP level 2. HP: 27/27 MP: 0/2
   837 | D:1      | Reached XP level 3. HP: 33/33 MP: 1/3
  1120 | D:2      | Noticed Sigmund
  1125 | D:2      | Killed Sigmund
  1125 | D:2      | Reached XP level 4. HP: 42/42 MP: 2/4
  1125 | D:2      | Reached XP level 5. HP: 49/49 MP: 2/5
  1140 | D:2      | Learned a level 2 spell: Sticks to Snakes
  1144 | D:2      | Learned a level 3 spell: Spider Form
  1304 | D:2      | Noticed Robin
  1319 | D:2      | Killed Robin
  2076 | D:3      | Found a deep blue altar of Sif Muna.
  2273 | D:3      | Found an iron altar of Okawaru.
  2284 | D:3      | Became a worshipper of Warmaster Okawaru
  2475 | D:4      | Reached XP level 6. HP: 51/59 MP: 6/6
  3150 | D:5      | Entered Level 5 of the Dungeon
  3247 | D:5      | Reached XP level 7. HP: 66/67 MP: 7/7
  3723 | D:5      | Reached * piety under Okawaru
  3723 | D:5      | Reached skill level 5 in Unarmed Combat
  4424 | D:6      | Reached skill level 5 in Transmutations
  4546 | D:6      | Reached XP level 8. HP: 39/78 MP: 8/8
  4685 | D:6      | Found a staircase to the Ecumenical Temple.
  5049 | D:6      | Reached ** piety under Okawaru
  5291 | D:6      | Found a shadowy altar of Dithmenos.
  5475 | D:7      | Reached XP level 9. HP: 73/87 MP: 9/9
  5497 | D:7      | Slain by a killer bee

Vault maps used:
D:1:      roderic_chinese_lattice_arrival, minmay_misc_feat_rows
D:2:      kennysheep_generic_room_10, uniq_sigmund, uniq_robin
D:3:      lemuel_coloured_pillars_altar, overflow_temple_1_default
D:5:      first_ration
D:6:      marbit_many_paths, temple_pool_b

Skill      XL: |  1  2  3  4  5  6  7  8 |
---------------+-------------------------+-----
Fighting       | 1 2 3 4 |  4.8
Transmutations | 2 3 4 5 6 |  6.5
Unarmed Combat | 4 5 6 |  6.6
Dodging        | |  1.5
Spellcasting   | |  1.2

Action                   |  1- 3 |  4- 6 |  7- 9 || total
-------------------------+-------+-------+-------++-------
Melee: Unarmed           |    65 |   143 |   216 ||   424
       Kick              |     8 |     3 |     7 ||    18
       Headbutt          |     1 |     3 |     3 ||     7
       Punch             |       |       |     6 ||     6
Throw: Stone             |       |    17 |     3 ||    20
 Cast: Beastly Appendage |    17 |    11 |    12 ||    40
       Sticks to Snakes  |       |     3 |    11 ||    14
       Spider Form       |       |     1 |     1 ||     2
Invok: Heroism           |       |       |     2 ||     2
  Use: Scroll            |       |     6 |     1 ||     7
       Potion            |       |       |     1 ||     1
 Stab: Sleeping          |       |       |     1 ||     1
  Eat: Chunk             |    14 |    18 |    27 ||    59
Armor: Robe              |    24 |    44 |    45 ||   113
       Skin              |       |     1 |       ||     1
Dodge: Dodged            |    42 |    70 |    92 ||   204

Table legend:
 A = Non-vault XP
 B = Vault XP
 C = Vault XP percentage of total XP
 D = Non-vault monster count
 E = Vault monster count
 F = Vault count percentage of total count
                 A         B        C        D         E       F
            +---------+---------+-------+---------+---------+-------
      Total |    2638 |     276 |   9.5 |     126 |      10 |   7.4
            +---------+---------+-------+---------+---------+-------
        D:1 |      43 |       0 |   0.0 |      26 |       0 |   0.0
        D:2 |      15 |     237 |  94.0 |       8 |       9 |  52.9
        D:3 |      54 |       0 |   0.0 |      17 |       0 |   0.0
        D:4 |     325 |       0 |   0.0 |       8 |       0 |   0.0
        D:5 |     542 |       0 |   0.0 |      23 |       0 |   0.0
        D:6 |    1038 |      39 |   3.6 |      33 |       1 |   2.9
        D:7 |     621 |       0 |   0.0 |      11 |       0 |   0.0
            +---------+---------+-------+---------+---------+-------
